 Dungeon Crawl Stone Soup version 0.31-a0-210-gccc998df9b (webtiles) character file.

Game seed: 8930527323487961375

112 qw the Chopper (level 4, 0/28 HPs)
             Began as a Gargoyle Fighter on June 30, 2023.
             Slain by an orc
             ... wielding a +0 whip
              (4 damage)
             ... on level 3 of the Dungeon.
             The game lasted 00:01:07 (1755 turns).

qw the Chopper (Gargoyle Fighter)                   Turns: 1755, Time: 00:01:08

Health: 0/28       AC: 10    Str: 21    XL:     4   Next: 93%
Magic:  4/4        EV:  9    Int:  9    God:
Gold:   50         SH:  4    Dex:  9    Spells: 3/3 levels left

rFire   . . .        Y - +0 war axe
rCold   . . .        c - +0 buckler
rNeg    + . .        b - +0 scale mail
rPois   inf          (no helmet)
rElec   +            (no cloak)
rCorr   .            (no gloves)
SInv    +            (no boots)
Will    .....        (no amulet) Stlth
                     g - ring of see invisible
HPRegen 0.24/turn    (no ring)
MPRegen 0.09/turn

%: no passive effects
@: no status effects
A: sickness immunity, AC +3, negative energy resistance 1, electricity
resistance, torment resistance 1, petrification resistance
a: no special abilities


You were on level 3 of the Dungeon.
You visited 1 branch of the dungeon, and saw 3 of its levels.

You collected 50 gold pieces.


Innate Abilities, Weirdness & Mutations

You are immune to sickness and miasma.
Your stone body is resilient. (AC +3)
You are immune to poison.
You resist negative energy. (rN+)
You are resistant to electric shocks. (rElec)
You are resistant to unholy torment.
You are immune to petrification.


   Skills:
 - Level 3.2 Fighting
 + Level 4.5 Axes
 - Level 3.2 Armour
 - Level 3.2 Shields


You had 3 spell levels left.
You didn't know any spells.
Your spell library was empty.

Inventory:

Hand Weapons
 h - a +0 mace
 Y - a +0 war axe (weapon)
Missiles
 e - 3 boomerangs (quivered)
Armour
 b - a +0 scale mail (worn)
 c - a +0 buckler (worn)
Jewellery
 g - a ring of see invisible (left hand)
Scrolls
 i - a scroll of identify
Potions
 a - a potion of enlightenment {unknown}
 d - a potion of might
 f - a potion of berserk rage {unknown}
 j - a potion of curing {unknown}

Dungeon Overview and Level Annotations

Branches:
Dungeon (3/15)

Altars:


Message History

The giant cockroach misses you. You block the orc's attack.
The orc wizard hits you but does no damage.
The giant cockroach bites you.
You slash the orc!
You kill the orc!
You hit the giant cockroach.
You kill the giant cockroach!
You hit the orc wizard. The orc wizard barely misses you.
You block the orc's attack.
The orc wizard hits you with a +0 dagger.
You hit the orc wizard but do no damage.
The orc wizard is moderately wounded.
You barely miss the orc.
The orc wizard points at you and mumbles some strange words.
You resist with some effort. The orc hits you but does no damage.
You hit the orc wizard.
The orc wizard is heavily wounded.
You barely miss the orc.
The orc wizard hits you but does no damage.
The orc hits you but does no damage.
You closely miss the orc wizard.
The orc wizard is heavily wounded.
You barely miss the orc.
The orc wizard hits you but does no damage.
The orc hits you with a +0 whip. The orc closely misses you.
The orc wizard hits you but does no damage.
You closely miss the orc wizard.
The orc wizard is heavily wounded.
You completely miss the orc. You block the orc wizard's attack.
The orc hits you but does no damage.
You closely miss the orc wizard.
The orc wizard is heavily wounded.
You barely miss the orc.
The orc wizard hits you but does no damage.
The orc hits you but does no damage.
You slash the orc wizard!
You kill the orc wizard!
You closely miss the orc. The orc hits you with a +0 whip.
You die...

##.# ...# .....# .###
..... .# .....
.#######< #.# ....
......... ... ...
.#....... #..###.# #
.#.###### #.##.#o# ..
.#.# #.#.%@)# #.# .#.#
#.....>#...# .#.#
##..........# .#.#
#...........# .#.#
#.##........... .#.#
##.#####.....### .#.#
#P.P# ####### #..#
##~.~####....#
#..######~~.~~##.7.7.#


You could see an orc.

Vanquished Creatures
  Jessica (D:3)
  An orc wizard (D:3)
  2 adders (D:2)
  3 dart slugs (D:1)
  A worm (D:3)
  3 orcs (D:3)
  A ball python (D:2)
  7 bats
  3 endoplasms
  4 giant cockroaches
  3 goblins
  5 hobgoblins
  8 jackals (D:1)
  2 kobolds
  5 frilled lizards
  4 rats
53 creatures vanquished.

Notes
Turn   | Place    | Note
-------+----------+-------------------------------------------
     0 | D:1      | qw the Gargoyle Fighter began the quest for the Orb.
     0 | D:1      | Reached XP level 1. HP: 14/14 MP: 1/1
     0 | D:1      | 0 ||| qw: Version: 0.3-a-24-ga2abf7b
     0 | D:1      | 0 ||| qw: Game counter: 7105
     0 | D:1      | 0 ||| qw: Melee chars always use a shield: true
     0 | D:1      | 0 ||| qw: God list: Okawaru
     0 | D:1      | 0 ||| qw: Allow faded altars: false
     0 | D:1      | 0 ||| qw: Do Orc after clearing Dungeon:15 true
     0 | D:1      | 0 ||| qw: Do second Lair branch before Depths: true
     0 | D:1      | 0 ||| qw: Lair rune preference: random
     0 | D:1      | 0 ||| qw: Goals: Normal, Zot:1-4, Slime:5, God:TSO, Crypt,
                  | Tomb, Abyss, Pan, Hells, Win
     0 | D:1      | 0 ||| PLANNING D:1-11
    12 | D:1      | 12 ||| Stepping ~*~*~tactically~*~*~ (stealth).
    21 | D:1      | Reached skill level 2 in Axes
    23 | D:1      | 23 ||| Stepping ~*~*~tactically~*~*~ (hiding).
    77 | D:1      | Reached XP level 2. HP: 19/19 MP: 2/2
   115 | D:1      | 115 ||| FLEEEEING.
   121 | D:1      | 121 ||| FLEEEEING.
   122 | D:1      | 122 ||| FLEEEEING.
   123 | D:1      | 123 ||| FLEEEEING.
   124 | D:1      | 124 ||| FLEEEEING.
   125 | D:1      | 125 ||| FLEEEEING.
   126 | D:1      | 126 ||| FLEEEEING.
   128 | D:1      | 128 ||| FLEEEEING.
   129 | D:1      | 129 ||| FLEEEEING.
   130 | D:1      | 130 ||| FLEEEEING.
   131 | D:1      | 131 ||| FLEEEEING.
   132 | D:1      | 132 ||| FLEEEEING.
   133 | D:1      | 133 ||| FLEEEEING.
   134 | D:1      | 134 ||| FLEEEEING.
   250 | D:1      | 250 ||| Stepping ~*~*~tactically~*~*~ (stealth).
   251 | D:1      | 251 ||| Stepping ~*~*~tactically~*~*~ (stealth).
   258 | D:1      | 258 ||| FLEEEEING.
   263 | D:1      | 263 ||| FLEEEEING.
   264 | D:1      | 264 ||| FLEEEEING.
   269 | D:1      | 269 ||| FLEEEEING.
   270 | D:1      | 270 ||| FLEEEEING.
   271 | D:1      | 271 ||| FLEEEEING.
   272 | D:1      | 272 ||| FLEEEEING.
   273 | D:1      | 273 ||| FLEEEEING.
   377 | D:1      | 377 ||| Stepping ~*~*~tactically~*~*~ (hiding).
   378 | D:1      | 378 ||| Stepping ~*~*~tactically~*~*~ (hiding).
   381 | D:1      | 381 ||| Stepping ~*~*~tactically~*~*~ (hiding).
   387 | D:1      | Reached skill level 3 in Axes
   415 | D:1      | 415 ||| Stepping ~*~*~tactically~*~*~ (stealth).
   424 | D:1      | Reached XP level 3. HP: 23/23 MP: 3/3
   438 | D:1      | 438 ||| DROPPING +0 club.
   447 | D:1      | 447 ||| Stepping ~*~*~tactically~*~*~ (stealth).
   448 | D:1      | 448 ||| Stepping ~*~*~tactically~*~*~ (stealth).
   810 | D:1      | 810 ||| UPGRADING to ring of see invisible.
   811 | D:1      | 811 ||| READING scroll labelled VAOKEI OVOASH.
   812 | D:1      | 812 ||| READING scroll labelled VOEXZI GOQANG.
   813 | D:1      | 813 ||| READING 2 scrolls labelled NIUCHU POEBBI.
   814 | D:1      | 814 ||| READING scroll labelled LIWNAV UCHUAHA.
   815 | D:1      | 815 ||| DROPPING scroll of amnesia.
   913 | D:2      | 913 ||| Stepping ~*~*~tactically~*~*~ (stealth).
   982 | D:2      | Reached XP level 4. HP: 28/28 MP: 4/4
  1243 | D:2      | Reached skill level 4 in Axes
  1467 | D:2      | 1467 ||| DROPPING orb of energy.
  1468 | D:2      | 1468 ||| READING scroll labelled TUEZXATOEG.
  1472 | D:2      | 1472 ||| READING scroll labelled SIKKYCH GANI.
  1473 | D:2      | 1473 ||| READING 2 scrolls labelled XOCUSO QIENG.
  1474 | D:2      | 1474 ||| READING scroll labelled RITIALY TI ZIE.
  1475 | D:2      | 1475 ||| DROPPING scroll of noise.
  1522 | D:3      | 1522 ||| FLEEEEING.
  1578 | D:3      | Noticed Jessica
  1591 | D:3      | Killed Jessica
  1669 | D:3      | 1669 ||| DROPPING +0 whip.
  1730 | D:3      | 1730 ||| Stepping ~*~*~tactically~*~*~ (stealth).
  1731 | D:3      | 1731 ||| Stepping ~*~*~tactically~*~*~ (stealth).
  1733 | D:3      | 1733 ||| Stepping ~*~*~tactically~*~*~ (hiding).
  1749 | D:3      | HP: 7/28 [orc wizard/+0 dagger (1)]
  1752 | D:3      | HP: 3/28 [orc/+0 whip (5)]
  1755 | D:3      | Slain by an orc

Levels and vault maps discovered:
D:1:      eino_arrival_water_star, layout_loops_cross, serial_park_tiny_pond,
          grunt_decor_one_mirror, minmay_tiny_reverse_x
D:2:      layout_basic
D:3:      layout_loops_ring, mainiacjoe_overflow_chevrons,
          ebering_ghost_sewer_f, minmay_crystal_room, chequers_avenue,
          dreamdust_princess_bridge, uniq_jessica

Skill      XL: |  1  2  3  4 |
---------------+-------------+-----
Axes           | 2 3 4 |  4.5
Fighting       | |  3.2
Armour         | |  3.2
Shields        | |  3.2

Action                     |  1- 3 |  4- 6 || total
---------------------------+-------+-------++-------
  Melee: War axe           |    98 |    49 ||   147
  Throw: Boomerang         |       |    12 ||    12
    Use: Scroll            |     4 |     4 ||     8
 Armour: Scale mail        |    47 |    36 ||    83
  Dodge: Dodged            |    52 |    25 ||    77
  Block: Buckler           |    13 |     7 ||    20

Table legend:
 A = Non-vault XP
 B = Vault XP
 C = Vault XP percentage of total XP
 D = Non-vault monster count
 E = Vault monster count
 F = Vault count percentage of total count
                 A         B        C        D         E       F
            +---------+---------+-------+---------+---------+-------
      Total |     152 |      43 |  22.1 |      50 |       3 |   5.7
            +---------+---------+-------+---------+---------+-------
        D:1 |      51 |       6 |  10.5 |      27 |       2 |   6.9
        D:2 |      45 |       0 |   0.0 |      13 |       0 |   0.0
        D:3 |      56 |      37 |  39.8 |      10 |       1 |   9.1
            +---------+---------+-------+---------+---------+-------
